AoeStats
← Schantiiniiii

African Clearing

506913792Analyzed
3v3 RM · 16d ago on Sep 15, 2026· 61m 59s· 6 players
Game mode
Random Map
Map size
Normal (6 player)
Population
200
Speed
Normal
Resources
Standard
Victory
Conquest
Starting age
Dark Age
Ending age
Imperial Age
RankedLock teamsTeams togetherTeam positionsShared explorationLock speedFull tech treeHidden civsTurbo modeCheats
Victory
Defeat
🇩🇪 Inca · Germany
1627
+18
🇪🇸 Aztecs · Spain
1540
+22
🇪🇸 Turks · Spain
1484
+23
🇩🇪 Tatars · Germany
1711
-22
🇨🇭 Wu · Switzerland
1689
-22
🇫🇷 Vietnamese · France
1599
-19
Torceth
8:48 Loom
12:33 Feudal Age
17:15 Castle Age
15:23 Double-Bit Axe
20:52 Scale Mail Armor
20:27 Eagle Warrior
23:22 Squires
24:17 Chain Mail Armor
27:44 Fletching
29:54 Forging
31:01 Bodkin Arrow
52:49 Imperial Age
55:19 Plate Mail Armor
54:15 Elite Eagle Warrior
56:14 Wheelbarrow
60:49 Iron Casting
adrimelli
6:05 Loom
13:24 Feudal Age
14:04 Double-Bit Axe
15:30 Double-Bit Axe
17:52 Castle Age
17:58 Fletching
22:56 Town Watch
23:04 Horse Collar
27:02 Wheelbarrow
28:15 Bow Saw
28:11 Bodkin Arrow
30:45 Hand Cart
30:11 Elite Skirmisher
31:41 Ballistics
31:23 Padded Archer Armor
32:28 Gold Mining
32:39 Heavy Plow
36:42 Imperial Age
34:43 Stone Mining
35:42 Thumb Ring
37:15 Leather Archer Armor
37:22 Bracer
38:24 Chemistry
39:18 Crop Rotation
39:31 Ring Archer Armor
38:51 Treadmill Crane
39:21 Masonry
39:55 Conscription
39:50 Andean Sling
42:00 Forging
41:50 Scale Mail Armor
42:01 Squires
43:18 Gold Shaft Mining
43:19 Coinage
43:07 Fabric Shields
44:30 Banking
44:34 Siege Engineers
45:07 Chain Mail Armor
45:28 Iron Casting
44:47 Champi Runner
46:36 Hoardings
45:38 Elite Kamayuk
47:44 Plate Mail Armor
49:29 Blast Furnace
49:58 Onager
51:36 Hoardings
54:56 Murder Holes
Pedropich
3:48 Loom
14:05 Feudal Age
14:52 Double-Bit Axe
16:49 Man-at-Arms
24:57 Castle Age
23:59 Fletching
25:04 Padded Archer Armor
26:47 Wheelbarrow
31:47 Town Watch
33:15 Bloodlines
33:06 Husbandry
33:32 Scale Barding Armor
36:36 Forging
38:53 Horse Collar
41:08 Chain Barding Armor
44:08 Iron Casting
47:29 Imperial Age
49:00 Plate Barding Armor
49:03 Cavalier
50:47 Blast Furnace
58:16 Hand Cart
{ BP } Käpt`n Iglo
5:41 Loom
13:28 Feudal Age
17:11 Castle Age
16:06 Double-Bit Axe
17:44 Fletching
18:56 Town Watch
19:23 Bodkin Arrow
19:59 Town Watch
23:10 Wheelbarrow
22:58 Husbandry
24:17 Ballistics
25:49 Padded Archer Armor
28:03 Wheelbarrow
27:31 Fishing Lines
28:31 Bow Saw
30:23 Horse Collar
30:57 Gillnets
33:11 Bloodlines
36:22 Imperial Age
34:28 Bloodlines
35:48 Leather Archer Armor
37:16 Bracer
38:17 Chemistry
37:58 Gold Mining
38:22 Heavy Cavalry Archer
39:40 Stone Mining
40:09 Capped Ram
42:02 Scale Barding Armor
42:14 Light Cavalry
44:02 Gold Shaft Mining
47:20 Chain Barding Armor
49:23 Plate Barding Armor
49:33 Hussar
52:59 Hand Cart
54:45 Heavy Plow
55:25 Forging
58:08 Iron Casting
Schantiiniiii
8:46 Loom
11:15 Feudal Age
13:10 Double-Bit Axe
13:45 Fletching
15:20 Town Watch
24:45 Castle Age
26:19 Bodkin Arrow
29:37 Horse Collar
30:14 Bow Saw
31:51 Red Cliffs Tactics
41:54 Ballistics
42:46 Stone Mining
45:38 Padded Archer Armor
46:49 Gold Mining
48:35 Wheelbarrow
51:14 Imperial Age
50:02 Masonry
50:09 Leather Archer Armor
51:58 Bracer
53:34 Chemistry
56:14 Pikeman
56:55 Squires
57:55 Conscription
56:58 Halberdier
57:38 Arson
57:57 Scale Mail Armor
58:07 Forging
59:04 Chain Mail Armor
60:07 Gold Shaft Mining
62:01 Plate Mail Armor
twitch.tv/gliedi69
3:53 Loom
13:18 Feudal Age
14:12 Double-Bit Axe
19:25 Town Watch
23:50 Wheelbarrow
26:38 Castle Age
25:07 Fletching
25:23 Horse Collar
27:15 Bodkin Arrow
27:39 Crossbowman
30:10 Padded Archer Armor
30:48 Thumb Ring
31:28 Bow Saw
34:43 Ballistics
36:47 Heavy Plow
43:56 Imperial Age
47:53 Imperial Age
49:56 Hand Cart
50:29 Leather Archer Armor
50:31 Elite Skirmisher
52:08 Imperial Skirmisher
56:45 Bracer
Connection lost

Rejoining the realm…

Still unreachable

The connection could not be restored.

Session expired

The server has moved on; the page needs a fresh start.